 Dungeon Crawl Stone Soup version 0.21-a0-163-g3aa3f5d (webtiles) character file.

65 4thArraOfDagon the Skirmisher (level 4, 0/37 HPs)
             Began as a Formicid Arcane Marksman on Aug 5, 2017.
             Was an Initiate of the Shining One.
             Slain by Crazy Yiuf
             ... wielding a +4 quarterstaff of chaos
              (18 damage)
             ... on level 2 of the Dungeon.
             The game lasted 00:06:00 (1424 turns).

4thArraOfDagon the Skirmisher (FoAM)                Turns: 1424, Time: 00:06:01

Health: 0/37       AC:  9    Str: 14    XL:     4   Next: 34%
Magic:  1/5        EV:  6    Int: 14    God:    the Shining One [......]
Gold:   101        SH:  0    Dex: 11    Spells: 4/5 levels left

rFire    . . .     SeeInvis +   l - +0 short sword
rCold    . . .     Gourm    .   (no shield)
rNeg     . . .     Faith    .   j - +0 chain mail
rPois    .         Spirit   .   (helmet unavailable)
rElec    .         Reflect  .   (no cloak)
rCorr    .         Harm     .   (no gloves)
MR       .....                  h - +0 pair of boots
Stlth    ..........             (no amulet)
HPRegen  0.12/turn              (no ring)
MPRegen  0.09/turn              (no ring)

@: glowing
A: permanent stasis, dig shafts and tunnels, four strong arms, antennae 3
a: Dig, Shaft Self, Renounce Religion


You were on level 2 of the Dungeon.
You worshipped the Shining One.
The Shining One was noncommittal.
You were not hungry.

You visited 1 branch of the dungeon, and saw 5 of its levels.

You collected 101 gold pieces.

Inventory:

Hand Weapons
 e - a +0 whip
 l - a +0 short sword (weapon)
Missiles
 c - 4 javelins (quivered)
 m - 83 stones
Armour
 a - a +0 robe
 h - a +0 pair of boots (worn)
 j - a +0 chain mail (worn)
Scrolls
 g - a scroll of amnesia {unknown}
 k - a scroll of remove curse {unknown}
 q - 4 scrolls of magic mapping {unknown}
 r - a scroll of identify {unknown}
 s - a scroll of blinking {unknown}
 t - a scroll of teleportation {unknown}
Books
 b - a book of Debilitation

   Spells                             Type                      Level
   a - Corona                         Hexes                        1
   b - Slow                           Hexes                        2
   c - Inner Flame                    Hexes/Fire                   3
   d - Portal Projectile              Hexes/Translocation          3
   e - Cause Fear                     Hexes                        4
   f - Leda's Liquefaction            Hexes/Earth                  4
 o - a book of Minor Magic

   Spells                             Type                      Level
   a - Magic Dart                     Conjuration                  1
   b - Blink                          Translocation                2
   c - Call Imp                       Summoning                    2
   d - Slow                           Hexes                        2
   e - Conjure Flame                  Conjuration/Fire             3
   f - Mephitic Cloud                 Conjuration/Poison/Air       3
Comestibles
 f - a bread ration


   Skills:
 + Level 4.0 Fighting
 - Level 2.2 Throwing
 - Level 1.7 Dodging
 - Level 1.1 Spellcasting
 - Level 3.6 Hexes


You had 4 spell levels left.
You knew the following spells:

 Your Spells              Type           Power        Failure   Level  Hunger
a - Corona                Hex            ##.....      87%         1    ##.....


Dungeon Overview and Level Annotations

Branches:
Dungeon (5/15)
 Temple: D:4-7

Altars:
The Shining One

Annotations:
D:2 Crazy Yiuf, Sigmund


Innate Abilities, Weirdness & Mutations

You cannot be hasted, slowed, berserked, paralysed or teleported.
You can dig through walls and to a lower floor.
Your four strong arms can wield two-handed weapons with a shield.
You have a pair of large antennae on your head. (SInv)


Message History

It was a potion of curing.
You feel better.
Crazy Yiuf says, "Blight wrapper alas!"
Crazy Yiuf hits you with a quarterstaff of chaos.
* * * LOW HITPOINT WARNING * * *
You feel your power leaking away.
Unknown command.
Unknown command.
You feel better.
Crazy Yiuf hits you with a quarterstaff of chaos!
* * * LOW HITPOINT WARNING * * *
Unknown command.
Unknown command.
It was a potion of heal wounds.
You feel much better. Crazy Yiuf completely misses you.
Unknown command.
It was a potion of berserk rage.
Your stasis prevents you from going berserk.
Crazy Yiuf hits you with a quarterstaff of chaos!
You are electrocuted!
You die...

#........#
#........#
########## #####
♣♣#### #)..#♣♣
♣♣P.#.##
#...'g♣♣♣♣P.)...#
#...#♣@.♣.P..)..#
#####♣♣♣.♣.g.##.#
♣♣♣♣♣###.####.#
#.......#
####.#######
#.>..# #....#
#....# ######


You could see Crazy Yiuf.

Vanquished Creatures
  3 gnolls (D:4)
  An ooze (D:1)
  2 giant cockroaches
  4 goblins
  3 hobgoblins
  3 jackals (D:1)
  A quokka (D:4)
  A ball python (D:1)
  5 bats (D:1)
  2 frilled lizards
  6 kobolds (D:1)
  4 rats (D:1)
35 creatures vanquished.

Notes
Turn   | Place    | Note
-------+----------+-------------------------------------------
     0 | D:1      | 4thArraOfDagon the Formicid Arcane Marksman began the quest for the Orb.
     0 | D:1      | Reached XP level 1. HP: 15/15 MP: 2/2
    49 | D:1      | Found a glowing golden altar of the Shining One.
    56 | D:1      | Became a worshipper of the Shining One
   138 | D:1      | The Shining One protects you from harm!
   139 | D:1      | Reached XP level 2. HP: 5/22 MP: 3/3
   293 | D:1      | Reached skill level 2 in Fighting
   686 | D:1      | Reached XP level 3. HP: 20/28 MP: 4/4
   904 | D:2      | Noticed Sigmund
   921 | D:1      | Reached skill level 3 in Fighting
  1090 | D:5      | Entered Level 5 of the Dungeon
  1090 | D:5      | Noticed an ice beast
  1098 | D:4      | Reached XP level 4. HP: 26/36 MP: 5/5
  1165 | D:4      | Reached skill level 4 in Fighting
  1366 | D:2      | Found a runed door.
  1370 | D:2      | Noticed Crazy Yiuf
  1424 | D:2      | Slain by Crazy Yiuf

Vault maps used:
D:1:      denvon_arrival_hothouse, tso_metal_star
D:2:      first_bread, nrook_uturn, tgw_fedhas, uniq_sigmund, uniq_natasha,
          uniq_crazy_yiuf_cottage
D:3:      old_standard_altar
D:4:      cheibrodos_pilgrimage, minmay_overflow_temple_star_quad, uniq_pikel,
          uniq_duvessa

Skill      XL: |  1  2  3  4 |
---------------+-------------+-----
Fighting       | 2 3 4 |  4.0
Throwing       | |  2.2
Dodging        | |  1.7
Spellcasting   | |  1.1
Hexes          | |  3.6

Action                   |  1- 3 |  4- 6 || total
-------------------------+-------+-------++-------
Melee: Whip              |    53 |       ||    53
       Unarmed           |     1 |       ||     1
       Short sword       |    48 |    16 ||    64
Throw: Javelin           |    24 |     3 ||    27
       Stone             |     5 |       ||     5
       Throwing net      |     2 |     3 ||     5
 Abil: Dig               |     3 |     1 ||     4
  Use: Potion            |       |     4 ||     4
  Eat: Chunk             |     1 |     1 ||     2
Armor: Robe              |    11 |       ||    11
       Chain mail        |    54 |     9 ||    63
Dodge: Dodged            |    75 |     5 ||    80
